Unix NetHack Version 5.0.0-0 post-release - last build Jul 19 2026 19:10:59 (3aa4ab31751d3886436d94b585a96704892fd477,branch:main).

Game began 2026-07-29 04:10:20, ended 2026-07-29 04:25:24.

IanCurtis, chaotic male elven Wizard

                      --------                    ----                  ---
                      |..||..-----               --..---                |..---
                  ..---..--...--.-------------- --.....----             |....|
                   -.`.............|......^...---.........|             ---..|
                   |.................--------.............|              --.--
                   --...............--    --..---......--.|              |..|
                    ---`..`..|.--..--    --.....|...|.-- -              --.--
                      -..`..-----.--     |..`.....|.----     -#--     ---..--
                     |......|  |..|    --|........|....-#   --..--    |.....--
                     |......|  |..|    .--...---#.|---..----|...[------.-....|
                     -)....-- --..--   .....--  -######....|--...>(.........--
                     .*...--  |....| -.....--         ----.--|...--------.---
                   ))).----   |....--......|             |...|)..|      ---
                   --..       |.....@-.....-             |-.[)...|
                    |..       ----..|u...|.              |...)...|
                    |..          ---|.-----              |......-|
                    --.             - |                  --.--...--
                      .                                   ------..|
                     --                                        |..|
                                                               ----
IanCurtis the Thaumaturge  St:9 Dx:15 Co:14 In:20 Wi:11 Ch:10  Chaotic
Dlvl:5  $:915 HP:0(36) Pw:59(59) AC:8  Xp:6 T:3948 

Latest messages:
 What do you want to drop? [$a-kn-pr-vC-GLP-RT-W or ?*] V
 You drop a bag containing 44 items.
 Your movements are now unencumbered.
 What do you want to call this dungeon level? bones
 You see here a dagger.
 $ - 16 gold pieces (915 in total).
 You see here 13 darts.
 Please move the cursor to a monster, object or location.
 (For instructions type a '?')
 In what direction? h
 You kill the little dog!
 The magic missile bounces!
 There is a staircase up to level 4 here.
 You see here a bag containing 44 items.
 There is a staircase up to level 4 here.
 You see here a bag containing 44 items.
 You descend the stairs.
 You see here a watchman corpse.
 You hear some noises in the distance.
 You hear some noises in the distance.
 You hear some noises in the distance.
 You climb up the stairs.
 You remember this level as bones.
 What do you want to wear? [*] ?
 What do you want to wear? [*] <space>
 Never mind.
 A gush of water hits your left arm!
 With great effort you move the boulder.
 Something is written here in the dust.
 You read: "El|c?eth".
 What do you want to write with? [- acenCEGQT or ?*] -
 You write in the dust with your fingertip.
 What do you want to write in the dust here? Elbereth
 Surmak's ghost wakes up!
 The fire ant bites!
 The fire ant bites again!
 You avoid harm.
 The fire ant bites!
 The fire ant bites again!
 You're on fire!
 What do you want to write with? [- acenCEGQT or ?*] -
 Do you want to add to the current engraving? [ynq] (y) n
 You wipe out the message that was written in the dust here.
 You write in the dust with your fingertip.
 What do you want to write in the dust here? Elbereth
 The fire ant turns to flee.
 The white unicorn butts!
 The white unicorn kicks!
 You die...
 Do you want your possessions identified? [ynq] (y) q

Inventory:
 Coins    ('$')
  $ - 915 gold pieces
 Amulets  ('"')
  F - an uncursed amulet of unchanging
 Weapons  (')')
  a - the rustproof +0 Magicbane (weapon in right hand)
  Q - a blessed +1 quarterstaff
 Armor    ('[')
  D - an uncursed +0 orcish helm (being worn)
  b - an uncursed +0 cloak of magic resistance (being worn)
 Scrolls  ('?')
  t - a blessed scroll of confuse monster
  s - 2 uncursed scrolls of confuse monster
  p - an uncursed scroll of enchant weapon
  j - 3 uncursed scrolls of identify
  i - an uncursed scroll of remove curse
 Potions  ('!')
  U - an uncursed potion of blindness
  v - a cursed potion of booze
  r - a blessed potion of healing
  f - 2 uncursed potions of healing
  L - an uncursed potion of invisibility
  R - a blessed potion of monster detection
  u - a blessed potion of oil
  g - 2 uncursed potions of water
  h - an uncursed potion of water
 Rings    ('=')
  E - a cursed ring of polymorph
  e - an uncursed ring of polymorph control
  T - an uncursed -1 ring of protection
  C - a cursed -1 ring of protection
  G - an uncursed ring of shock resistance
 Wands    ('/')
  c - a wand of magic missile (0:8)
 Tools    ('(')
  W - an empty cursed sack
  o - an uncursed wooden harp
  k - a cursed lock pick
  n - a magic marker (0:21)
  d - a +0 pick-axe
  P - 2 uncursed tallow candles

IanCurtis the Wizard's attributes:

Background:
 You were a Thaumaturge, a level 6 male elven Wizard.
 You were chaotic, on a mission for Anhur
 who was opposed by Ptah (lawful) and Thoth (neutral).
 You were right-handed.
 You were in the Gnomish Mines, on level 5.
 You entered the dungeon 3948 turns ago.
 It was nighttime.
 There was a full moon in effect when your adventure ended.
 You had 363 experience points, 277 more were needed to attain level 7.

Basics:
 You had 0 out of 36 hit points.
 You had all 59 energy points (spell power).
 Your armor class was 8.
 Your wallet contained 915 zorkmids.
 Autopickup was off.

Final Characteristics:
 Your strength was 9 (limit:18).
 Your dexterity was 15 (limit:18).
 Your constitution was 14 (limit:16).
 Your intelligence was 20 (limit:20).
 Your wisdom was 11 (limit:20).
 Your charisma was 10 (limit:18).

Final Status:
 You weren't hungry.
 You were unencumbered.
 You were wielding a dagger.
 You had basic skill with dagger.

Final Attributes:
 You were piously aligned.
 You were magic-protected.
 You were sleep resistant.
 You were telepathic.
 You had infravision.
 You were warded.
 You were lucky.
 You are dead.

Miscellaneous:
 You encountered 1 bones level.
 Total elapsed playing time was 15 minutes and 4 seconds.

Major events:
 Turn
    1: IanCurtis the chaotic male elven Wizard entered the dungeon
 1128: entered the Gnomish Mines
 1138: attained the rank of Conjurer (level 3)
 2158: was bestowed with Magicbane by Anhur
 3639: attained the rank of Thaumaturge (level 6)
 3772: reached Mine Town
 3948: killed by a white unicorn

Spells:
 Name                 Level Category     Fail Retention
 force bolt             1   attack         0%   81%-90%
 clairvoyance           3   divination    75%  76%-100%
 confuse monster        1   enchantment    0%   81%-90%
 magic missile          2   attack         0%   81%-90%

Skills:
 Fighting Skills
   bare handed combat [Unskilled]
   riding             [Unskilled]
 Weapon Skills
   dagger             [Basic]
   knife              [Unskilled]
   axe                [Unskilled]
   short sword        [Unskilled]
   club               [Unskilled]
   mace               [Unskilled]
   quarterstaff       [Basic]
   polearms           [Unskilled]
   spear              [Unskilled]
   trident            [Unskilled]
   sling              [Unskilled]
   dart               [Unskilled]
   shuriken           [Unskilled]
 Spellcasting Skills
   attack spells      [Basic]
   healing spells     [Unskilled]
   divination spells  [Unskilled]
   enchantment spells [Basic]
   clerical spells    [Unskilled]
   escape spells      [Unskilled]
   matter spells      [Unskilled]

Voluntary challenges:
 Character rerolling was not enabled.
 You never genocided any monsters.
 You never polymorphed an object.
 You never changed form.
 You used no wishes.
Achievements:
 You entered the Gnomish Mines.
 You attained the rank of Conjurer.
 You attained the rank of Thaumaturge.
 You entered Minetown.

 The Dungeons of Doom: levels 1 to 3
    Level 1:
    Level 2: "vault"
       An altar to Anhur, a fountain.
       Stairs down to The Gnomish Mines.
    Level 3:
       A fountain.
 The Gnomish Mines: levels 3 to 6
    Level 3:
    Level 4:
    Level 5: "bones" <- You were here.
       Some graves.
       Final resting place for
          you, killed by a white unicorn,
          surmak-Tou-Hum-Fem-Neu, killed by a fire ant,
          Jandor-Wiz-Hum-Mal-Neu, killed by a white unicorn.
    Level 6:


Vanquished creatures:
 an orc shaman
  a shrieker
  2 gnome leaders
 an elf zombie
  a little dog
  2 floating eyes
  4 dwarves
  a kobold leader
  3 orc zombies
  3 hobbits
 11 manes
  a large kobold
  a hobgoblin
  a brown mold
  a yellow mold
 18 gnomes
  3 geckos
  6 jackals
  a fox
  2 kobolds
  2 goblins
  4 sewer rats
  8 grid bugs
  3 lichens
  a kobold zombie
  8 newts
90 creatures vanquished.

No species were genocided or became extinct.

Game over:
                       ----------
                      /          \
                     /    REST    \
                    /      IN      \
                   /     PEACE      \
                  /                  \
                  |    IanCurtis     |
                  |      915 Au      |
                  |   killed by a    |
                  |  white unicorn   |
                  |                  |
                  |                  |
                  |       2026       |
                 *|     *  *  *      | *
        _________)/\\_//(\/(/\)/\//\/|_)_______

Goodbye IanCurtis the Wizard...

You died in The Gnomish Mines on dungeon level 5 with 2526 points,
and 915 pieces of gold, after 3948 moves.
You were level 6 with a maximum of 36 hit points when you died.

